Map: [ESL] Tropical Sacrifice

Players

Clem

  • Race: Terran Terran
  • Spawn Location: 1:00

Serral - Winner!

  • Race: Zerg Zerg
  • Spawn Location: 7:00

Event: DreamHack SC2 Masters 2022 Atlanta (Online)

VOD

Have the link to the VOD?

Description

Time

  • Played on: Oct. 16, 2022, 12:22 p.m.
  • Length: 9:07

All games in this series

Show
View Real Time Build Order
Export as new Build Order

Clem Terran 

Build Orders: Reaper Expand 

Get SALT Encoding   

  12  0:00  SCV  
  13  0:12  SCV  
  14  0:17  Supply Depot  
  14  0:24  SCV  
  15  0:38  SCV  
  15  0:40  Barracks  
  16  0:44  Refinery  
  16  0:51  SCV  
  17  1:03  SCV  
  18  1:15  SCV  
  19  1:27  Reaper, Orbital Command  
  20  1:42  Command Center  
  20  1:49  Supply Depot  
  20  1:53  SCV  
  21  1:58  Marine  
  22  2:05  SCV  
  23  2:13  Factory  
  23  2:17  SCV  
  23  2:20  Barracks Reactor  
  25  2:30  SCV  
  25  2:41  Command Center  
  25  2:44  SCV  
  26  2:56  SCV, Orbital Command  
  27  3:04  Hellion  
  27  3:05  Hellion  
  31  3:08  SCV  
  31  3:12  Engineering Bay  
  32  3:20  Engineering Bay  
  32  3:22  SCV  
  32  3:23  SCV  
  32  3:26  Barracks Tech Lab  
  34  3:29  Hellion  
  34  3:33  Hellion  
  38  3:35  SCV  
  38  3:37  SCV  
  40  3:45  Terran Infantry Weapons Level 1  
  40  3:46  Terran Infantry Armor Level 1  
  40  3:47  SCV  
  41  3:49  SCV  
  41  3:53  Orbital Command  
  42  3:58  Barracks  
  42  4:01  SCV x2  
  44  4:05  Refinery  
  44  4:08  Barracks  
  44  4:10  Marine  
  44  4:13  SCV x2  
  47  4:21  SCV, Stimpack  
  48  4:25  SCV x2  
  48  4:27  Supply Depot  
  48  4:30  Refinery  
  50  4:32  Marine  
  50  4:33  SCV  
  50  4:37  SCV  
  50  4:38  SCV  
  54  4:39  Factory Reactor  
  54  4:45  SCV  
  55  4:46  Refinery  
  55  4:50  SCV x2, Marine  
  59  4:59  Marine x2  
  59  5:00  Orbital Command  
  59  5:02  SCV x2  
  59  5:04  Armory  
  61  5:08  Supply Depot, Barracks, Marine  
  61  5:09  Barracks  
  61  5:14  SCV x2  
  64  5:15  Starport  
  64  5:20  Marine x2  
  66  5:23  Marine x2  
  66  5:26  SCV  
  69  5:29  SCV x2  
  69  5:30  Supply Depot, Refinery, Factory Reactor  
  69  5:35  Supply Depot  
  71  5:36  Marine  
  71  5:38  SCV, Marine x2  
  71  5:41  SCV x2  
  77  5:46  Supply Depot  
  77  5:51  Terran Infantry Armor Level 2, Terran Infantry Weapons Level 2  
  77  5:52  SCV, Marine x2  
  77  5:53  SCV  
  77  5:54  Marine  
  77  5:56  Supply Depot  
  82  5:58  SCV  
  82  6:03  Barracks Reactor  
  83  6:04  SCV, Marine  
  83  6:05  Combat Shield, Marine  
  83  6:09  Barracks Reactor, SCV, Marine  
  83  6:10  SCV  
  89  6:13  Supply Depot  
  89  6:14  Marine x2  
  89  6:16  SCV  
  89  6:17  Factory Reactor  
  89  6:18  Medivac  
  94  6:21  SCV  
  94  6:22  SCV, Marine  
  94  6:25  Bunker, Medivac  
  99  6:26  Marine  
  99  6:27  Marine  
  99  6:28  SCV  
  99  6:30  Refinery, Hellion x4  
  102  6:33  SCV, Factory  
  102  6:34  SCV, Marine  
  105  6:41  Marine x3  
  105  6:43  Marine  
  105  6:44  Marine  
  110  6:47  Command Center  
  110  6:54  Widow Mine x2  
  114  6:56  Supply Depot, Medivac  
  114  6:59  Marine  
  117  7:03  Supply Depot  
  117  7:07  Sensor Tower  
  117  7:08  Supply Depot  
  117  7:13  SCV x2, Marine x6  
  125  7:17  Medivac, Marine  
  125  7:19  Marine  
  125  7:21  Marine  
  130  7:24  Widow Mine x2  
  130  7:27  Factory Tech Lab  
  132  7:31  Medivac, Marine x3  
  132  7:32  Marine  
  132  7:35  Supply Depot  
  132  7:36  Marine x2  
  132  7:37  Marine x2  
  136  7:38  Supply Depot, Marine  
  139  7:49  Marine x3  
  139  7:50  Supply Depot, Marine  
  139  7:52  Medivac  
  139  7:54  Marine x3  
  139  7:55  Marine  
  134  7:59  Orbital Command  
  134  8:01  Marine  
  134  8:02  SCV x2  
  110  8:06  Factory Tech Lab  
  110  8:07  Marine x3  
  110  8:10  Marine  
  100  8:13  Marine  
  100  8:14  SCV x2  
  100  8:17  Medivac, Widow Mine x2, Marine x3  
  100  8:18  Marine  
  108  8:24  Factory  
  108  8:26  SCV x2  
  110  8:27  Marine x2  
  110  8:30  Marine  
  110  8:31  SCV  
  110  8:33  Marine  
  114  8:38  SCV, Marine x2  
  114  8:40  Marine  
  101  8:42  Marine  
  101  8:48  Marine  
  78  8:49  SCV  
  78  8:53  SCV  
  78  8:54  SCV  
Show
View Real Time Build Order
Export as new Build Order

Serral Zerg - Winner!

Build Orders: Hatch First 

Get SALT Encoding   

  12  0:00  Drone  
  13  0:13  Overlord  
  13  0:18  Drone  
  14  0:31  Drone x2  
  16  0:49  Hatchery  
  15  0:53  Drone  
  15  0:56  Drone  
  17  1:00  Drone  
  18  1:10  Extractor  
  17  1:15  Spawning Pool  
  17  1:18  Drone  
  17  1:22  Drone  
  18  1:28  Drone  
  19  1:39  Drone  
  20  1:50  Drone  
  21  2:01  Queen  
  21  2:02  Zergling x2, Queen  
  21  2:03  Zergling x2  
  27  2:12  Overlord  
  27  2:13  Drone  
  28  2:26  Hatchery  
  27  2:33  Drone x2  
  28  2:40  Drone x2  
  28  2:42  Metabolic Boost  
  29  2:48  Queen  
  31  2:53  Drone  
  31  2:55  Overlord  
  32  2:59  Drone  
  32  3:02  Drone  
  32  3:05  Drone  
  35  3:14  Overlord  
  35  3:17  Drone x2  
  35  3:18  Drone  
  38  3:20  Queen  
  38  3:22  Drone  
  38  3:24  Drone  
  42  3:28  Drone  
  43  3:36  Queen  
  43  3:38  Drone  
  43  3:40  Queen  
  48  3:44  Drone x2  
  48  3:48  Overlord  
  50  3:51  Zergling x2  
  50  3:53  Zergling x2  
  50  3:54  Drone x2  
  54  3:59  Queen  
  54  4:01  Zergling x2  
  57  4:05  Overlord  
  57  4:07  Drone x2  
  59  4:10  Overlord  
  59  4:15  Queen  
  61  4:21  Overlord  
  61  4:22  Drone x2  
  63  4:24  Zergling x2  
  63  4:25  Zergling x2  
  63  4:26  Drone  
  63  4:29  Drone  
  67  4:33  Drone x3  
  70  4:42  Drone  
  71  4:46  Drone x5  
  71  4:48  Lair  
  71  4:50  Extractor  
  71  4:51  Extractor  
  74  4:53  Overlord  
  74  4:55  Drone x4  
  81  5:03  Drone x2  
  81  5:05  Extractor  
  81  5:06  Drone, Extractor, Evolution Chamber  
  79  5:07  Evolution Chamber  
  79  5:08  Drone  
  79  5:13  Drone x3  
  83  5:14  Drone  
  83  5:15  Roach Warren  
  83  5:18  Extractor x2, Overlord  
  83  5:19  Drone  
  81  5:25  Drone, Hatchery  
  81  5:26  Drone  
  82  5:30  Drone x3  
  82  5:33  Drone x3  
  88  5:35  Zerg Missile Weapons Level 1  
  88  5:39  Zerg Ground Armor Level 1  
  88  5:47  Overlord  
  88  5:48  Zergling x4, Overlord  
  90  5:54  Glial Reconstitution  
  90  5:56  Roach x3  
  96  6:00  Overlord  
  96  6:01  Overlord x2  
  96  6:06  Roach x2  
  96  6:07  Roach x2  
  104  6:17  Overlord  
  104  6:18  Overlord  
  104  6:21  Roach x6  
  104  6:25  Roach  
  118  6:27  Roach  
  118  6:30  Drone  
  118  6:32  Nydus Network  
  120  6:34  Roach  
  120  6:35  Roach x2  
  120  6:37  Overseer  
  120  6:38  Overlord  
  126  6:40  Overlord  
  126  6:43  Roach x2  
  130  6:47  Roach x2  
  130  6:50  Ravager x3  
  130  6:53  Roach x3  
  143  7:03  Roach x5  
  143  7:07  Overlord x2  
  153  7:10  Ravager x2  
  153  7:11  Ravager  
  153  7:14  Roach x3  
  162  7:20  Roach x3  
  168  7:25  Roach x4  
  176  7:31  Roach x4  
  184  7:39  Overlord  
  184  7:40  Nydus Canal  
  184  7:43  Roach  
  184  7:48  Roach x2  
  178  7:58  Roach x10  
  178  8:05  Roach x4  
  188  8:07  Nydus Canal  
  188  8:10  Overseer  
  188  8:12  Roach  
  176  8:23  Queen x3  
  176  8:25  Queen  
  184  8:39  Roach x3  
  184  8:40  Roach  
  170  8:48  Roach x5  
  156  8:51  Overseer  
Tags
 
Add a new tag
Caveats
  • Supply blocks, unpowered buildings, or Contaminate may cause inaccurate times.
  • Supply counts are checked every 10 seconds.